 Dungeon Crawl Stone Soup version 0.26.0-11-g8f856b5395 (webtiles) character file.

Game seed: 13737523013199999640

7381 jamsus the Cleaver (level 10, 0/91 HPs)
             Began as a Minotaur Berserker on Jan 15, 2021.
             Was a High Priest of Trog.
             Slain by a polar bear (15 damage)
             ... on level 1 of the Lair of Beasts.
             The game lasted 00:33:19 (11643 turns).

jamsus the Cleaver (Minotaur Berserker)            Turns: 11643, Time: 00:33:19

Health: 0/91       AC: 18    Str: 22    XL:     10   Next: 92%
Magic:  9/9        EV:  8    Int:  4    God:    Trog [*****.]
Gold:   887        SH:  9    Dex: 13    Spells: 9/9 levels left

rFire    + . .     SeeInvis .   G - +5 hand axe (freeze)
rCold    . . .     Faith    .   b - +0 kite shield
rNeg     . . .     Spirit   .   N - +1 plate armour
rPois    .         Reflect  .   L - +0 hat
rElec    .         Harm     .   u - +0 cloak
rCorr    .         Rampage  .   (no gloves)
Will     .....                  h - +0 pair of boots
Stlth    ..........             (no amulet)
HPRegen  0.25/turn              t - ring of protection from cold
MPRegen  0.11/turn              x - ring of fire

@: berserk cooldown, slowed, very slow
A: retaliatory headbutt, horns 2
a: Renounce Religion, Berserk, Trog's Hand, Brothers in Arms


You were on level 1 of the Lair of Beasts.
You worshipped Trog.
Trog was extremely pleased with you.
You visited 2 branches of the dungeon, and saw 11 of its levels.

You collected 887 gold pieces.

Inventory:

Hand Weapons
 a - a +0 hand axe
 o - a +0 hand axe of freezing
 v - a +5 arbalest of freezing
 G - a +5 hand axe of freezing (weapon)
 M - a +1 hand axe of flaming
Armour
 b - a +0 kite shield (worn)
 h - a +0 pair of boots (worn)
 u - a +0 cloak (worn)
 L - a +0 hat (worn)
 N - a +1 plate armour (worn)
Jewellery
 t - a ring of protection from cold (left hand)
 x - a ring of fire (right hand)
 z - an uncursed ring of ice
 J - an uncursed ring of magical power
 K - a cursed ring of attention
 O - an uncursed ring of see invisible {unknown}
 P - an uncursed ring of protection from fire {unknown}
Wands
 w - a wand of random effects (13)
 y - a wand of enslavement (7)
 I - a wand of disintegration (8)
Scrolls
 c - 3 scrolls of magic mapping
 f - a scroll of remove curse
 g - a scroll of identify
 j - 3 scrolls of fog {unknown}
 k - 5 scrolls of amnesia
 m - 5 scrolls of teleportation
 q - 2 scrolls of random uselessness {unknown}
 A - a scroll of fear {unknown}
 B - 2 scrolls of vulnerability {unknown}
 C - a scroll of immolation {unknown}
 D - 2 scrolls of enchant weapon {unknown}
 H - 2 scrolls of enchant armour
Potions
 d - a potion of haste {unknown}
 e - 4 potions of curing
 i - 2 potions of mutation {unknown}
 l - a potion of invisibility {unknown}
 n - 4 potions of heal wounds
 p - a potion of cancellation {unknown}
 r - 3 potions of ambrosia
 s - 2 potions of resistance {unknown}
 E - a potion of flight {unknown}
 F - 2 potions of magic {unknown}


   Skills:
 + Level 9.6 Fighting
 * Level 12.7 Axes
 + Level 9.2 Armour
 + Level 8.5 Dodging
 + Level 3.1 Shields


You had 9 spell levels left.
You didn't know any spells.
Your spell library was empty.

Dungeon Overview and Level Annotations

Branches:
Dungeon (10/15)            Temple (0/1) D:4            Lair (1/6) D:8
    Orc: D:9-12

Altars:
Cheibriados
Elyvilon
Fedhas
Gozag
Qazlal
Sif Muna
Wu Jian
Xom
Zin
The Shining One

Shops:
D:8 (

Portals:
Abyss: D:7

Annotations:
D:7 2 transporters, Valentain's ghost, novice DsDe
D:10 exclusion: ice statue


Innate Abilities, Weirdness & Mutations

You reflexively headbutt those who attack you in melee.
You have a pair of horns on your head.


Message History

The polar bear goes berserk!
You hit the polar bear. You headbutt the polar bear!
The polar bear is almost dead.
You closely miss the polar bear. You block the polar bear's attack. x2
The polar bear claws you but does no damage.
You block the polar bear's attack. The polar bear closely misses you.
The polar bear claws you but does no damage.
You hit the polar bear but do no damage.
The polar bear is almost dead.
You closely miss the polar bear. The polar bear barely misses you.
The polar bear closely misses you. The polar bear barely misses you.
The polar bear bites you but does no damage.
You block the polar bear's attack.
The polar bear claws you but does no damage.
The polar bear bites you!
* * * LOW HITPOINT WARNING * * *
You block the polar bear's attack.
The polar bear claws you but does no damage.
The polar bear bites you!
You die...

#.....# ##..... P....P
####### #.P.# #
#...#.##########..## .##P
...................#...P#
#................†#....PP
##...###+####.#.h.....P.#
#....P........#.@h##....#
.#...P........#...# P..
...†.#........#....# .
##...#...†....#......
##...#........#......P
#P....###..####.........
...............$......##
...................##.P
................


You could see 2 polar bears.

Vanquished Creatures
  A cane toad (Lair:1)
  A troll (D:8)
  A polar bear (Lair:1)
  A wraith (D:8)
  6 yaks (D:9)
  A steam dragon (D:9)
  2 water moccasins
  An eye of draining (D:9)
  An orc warrior (D:9)
  2 sky beasts (D:6)
  A black bear (D:9)
  3 phantoms
  4 ogres
  11 wolves
  6 centaurs
  A lemure (D:7)
  3 bullfrogs
  3 scorpions
  11 killer bees (D:8)
  A water moccasin skeleton (D:8)
  10 wights
  4 electric eels
  2 howler monkeys
  2 bullfrog zombies
  A centaur zombie (D:7)
  5 hounds
  A jelly (D:6)
  A quasit (D:8)
  A centaur skeleton (D:6)
  3 orc priests
  5 orc wizards
  A bullfrog skeleton (D:4)
  An iguana (D:5)
  7 worker ants
  A hound zombie (D:6)
  A mummy (D:9)
  A howler monkey zombie (D:5)
  The ghost of CurlyBrace the Grasshopper, a weakling FeWr (D:3)
  2 worker ant zombies
  4 adders
  6 gnolls
  A howler monkey skeleton (D:8)
  A river rat (D:5)
  4 white imps
  An ufetubus (D:5)
  2 oozes
  An adder zombie (D:9)
  2 worms
  5 dart slugs
  7 leopard geckos
  29 orcs
  5 giant cockroaches
  6 goblins
  8 hobgoblins
  5 jackals
  6 kobolds
  3 quokkas
  3 ball pythons
  11 bats
  2 frilled lizards
  A quokka skeleton (D:5)
  5 rats
229 creatures vanquished.

Vanquished Creatures (collateral kills)
  Pikel (D:7)
  An orc wizard (D:9)
  A worker ant (D:9)
  A killer bee zombie (D:7)
  2 orcs (D:9)
6 creatures vanquished.

Vanquished Creatures (others)
  2 bushes (D:9)
  A fungus (D:3)
  4 plants (Lair:1)
7 creatures vanquished.

Grand Total: 242 creatures vanquished

Notes
Turn   | Place    | Note
-------+----------+-------------------------------------------
     0 | D:1      | jamsus the Minotaur Berserker began the quest for the Orb.
     0 | D:1      | Reached XP level 1. HP: 19/19 MP: 0/0
   114 | D:1      | Reached XP level 2. HP: 26/27 MP: 1/1
   129 | D:1      | Reached skill level 4 in Axes
   419 | D:1      | Reached ** piety under Trog
   422 | D:1      | Reached XP level 3. HP: 31/33 MP: 2/2
  1136 | D:2      | Reached XP level 4. HP: 34/40 MP: 3/3
  1411 | D:3      | Reached skill level 5 in Axes
  1420 | D:3      | Reached XP level 5. HP: 47/47 MP: 4/4
  1574 | D:3      | Found an ornate altar of the Wu Jian Council.
  1581 | D:3      | Found a glowing golden altar of the Shining One.
  1646 | D:3      | Reached *** piety under Trog
  1664 | D:3      | Found a white marble altar of Elyvilon.
  2177 | D:3      | Found a runed translucent door.
  2178 | D:3      | Noticed CurlyBrace's ghost (weakling FeWr)
  2187 | D:3      | Killed CurlyBrace's ghost
  2625 | D:4      | Found a stormy altar of Qazlal.
  2627 | D:4      | Noticed an air elemental
  2628 | D:4      | Noticed a water elemental
  2628 | D:4      | Noticed a fire elemental
  2900 | D:4      | Found a staircase to the Ecumenical Temple.
  3097 | D:4      | Noticed a centaur
  3098 | D:4      | Noticed a phantom
  3125 | D:4      | Reached XP level 6. HP: 55/55 MP: 5/5
  3132 | D:4      | Reached skill level 6 in Axes
  3168 | D:4      | Reached skill level 5 in Fighting
  3714 | D:4      | Reached XP level 7. HP: 54/61 MP: 6/6
  3880 | D:5      | Entered Level 5 of the Dungeon
  3910 | D:5      | Reached skill level 7 in Axes
  4246 | D:5      | Reached skill level 5 in Armour
  4771 | D:5      | Reached **** piety under Trog
  4772 | D:5      | Reached skill level 5 in Dodging
  5212 | D:5      | Reached XP level 8. HP: 70/70 MP: 7/7
  5290 | D:6      | Reached skill level 8 in Axes
  5423 | D:6      | Found a shimmering altar of Xom.
  5712 | D:6      | Found a glowing silver altar of Zin.
  5978 | D:6      | Reached skill level 9 in Axes
  6713 | D:7      | Noticed Pikel
  6737 | D:7      | Killed Pikel
  6738 | D:7      | Reached XP level 9. HP: 39/79 MP: 8/8
  6832 | D:7      | Found an opulent altar of Gozag.
  7046 | D:7      | Reached skill level 10 in Axes
  7253 | D:7      | Found a glowing golden altar of the Shining One.
  7292 | D:7      | Found a transporter.
  7294 | D:7      | Noticed a toenail golem
  7311 | D:7      | Found a transporter.
  7312 | D:7      | Identified the +9 trident "Wimop" {distort, Dex+4}
  7328 | D:7      | Noticed a white ugly thing
  7377 | D:7      | Found a one-way gate to the infinite horrors of the Abyss.
  7377 | D:7      | Noticed Valentain's ghost (novice DsDe)
  7545 | D:8      | Found Vife Beu's Weapon Shop.
  7627 | D:8      | Noticed a troll
  7635 | D:8      | Killed a troll
  7933 | D:8      | Reached skill level 11 in Axes
  8138 | D:8      | Reached XP level 10. HP: 81/90 MP: 9/9
  8352 | D:8      | Found a staircase to the Lair.
  9245 | D:9      | Found a blossoming altar of Fedhas.
  9849 | D:9      | Reached skill level 12 in Axes
  9863 | D:9      | Reached skill level 1 in Shields
 10129 | D:9      | Found a snail-covered altar of Cheibriados.
 10247 | D:9      | Reached ***** piety under Trog
 10410 | D:9      | Found a shimmering blue altar of Sif Muna.
 10477 | D:10     | Entered Level 10 of the Dungeon
 10895 | D:10     | Noticed an ice statue
 11378 | Lair:1   | Entered Level 1 of the Lair of Beasts
 11489 | Lair:1   | Noticed a cane toad
 11495 | Lair:1   | Killed a cane toad
 11643 | Lair:1   | Slain by a polar bear

Illustrated notes

Levels and vault maps discovered:
D:1:      psy_arrival_whirlpool, layout_basic, minmay_misc_feat_five,
          minmay_three_crescents
D:2:      minmay_chambers_of_ones, layout_basic
D:3:      layout_basic, elyvilon_altar_1, grunt_temple_overflow_open,
          gammafunk_ghost_grave
D:4:      minmay_clustersquares, layout_loops_ring,
          nicolae_qazlal_style_of_elements, minmay_temple_entry_poolview,
          minmay_cupped
D:5:      layout_basic, gup_sewer_entry_bubbles
D:6:      layout_basic, lemuel_crystal_altar, basic_altar, st_stairs_12,
          minivault_5
D:7:      layout_loops_cross, old_standard_altar,
          gammafunk_ghost_abyssal_escape, kennysheep_cluttered_room,
          lemuel_altar_in_water, uniq_pikel
D:8:      layout_basic, erik_lair_island, serial_shops, shop_coins
D:9:      layout_basic, general_overflow_altar, slow_altar_2,
          fedhas_bush_and_centaur_altar
D:10:     minmay_separated_statues, layout_basic, glass_columns_a,
          minmay_guarded_unrand_resistance
Lair:1:   layout_regular_city, cheibrodos_lair_lostbears, grunt_megastairs_3,
          infiniplex_staircase_pool

Skill      XL: |  1  2  3  4  5  6  7  8  9 10 |
---------------+-------------------------------+-----
Axes           | 4 5 6 7 9 11 12 | 12.7
Fighting       | 4 5 6 7 8 9 |  9.6
Armour         | 3 4 5 6 8 9 |  9.2
Dodging        | 3 4 5 6 7 8 |  8.5
Shields        | 3 |  3.1

Action                   |  1- 3 |  4- 6 |  7- 9 | 10-12 || total
-------------------------+-------+-------+-------+-------++-------
Melee: Hand axe          |    78 |   119 |   292 |   169 ||   658
       Headbutt          |    11 |    22 |    63 |    34 ||   130
Invok: Berserk           |       |     7 |    11 |     8 ||    26
       Trog's Hand       |       |       |     2 |     1 ||     3
       Brothers in Arms  |       |       |     1 |     1 ||     2
Evoke: Wand              |       |       |     1 |     6 ||     7
  Use: Scroll            |       |     2 |     2 |     9 ||    13
       Potion            |       |       |       |     2 ||     2
Armor: Animal skin       |     1 |       |       |       ||     1
       Scale mail        |    31 |    35 |     7 |       ||    73
       Chain mail        |       |       |   123 |     9 ||   132
       Plate armour      |       |       |       |   103 ||   103
Dodge: Dodged            |    40 |    61 |   135 |    84 ||   320
Block: Kite shield       |       |       |       |    56 ||    56
